AoeStats
← 客官

Arabia

509599179Analyzed
1v1 RM · 6d ago on Sep 27, 2026· 47m 8s· 2 players
Game mode
Random Map
Map size
Tiny (2 player)
Population
200
Speed
Normal
Resources
Standard
Victory
Conquest
Starting age
Dark Age
Ending age
Imperial Age
RankedLock teamsTeams togetherTeam positionsShared explorationLock speedFull tech treeHidden civsTurbo modeCheats
Victory
Defeat
🇧🇷 Aztecs · Brazil
1495
+16
🇨🇳 Khmer · China
1495
-16
alprazolam 2mg
6:46 Loom
9:26 Feudal Age
9:41 Man-at-Arms
13:22 Double-Bit Axe
16:11 Fletching
22:25 Castle Age
20:51 Scale Mail Armor
21:01 Gold Mining
21:52 Forging
21:44 Horse Collar
22:30 Arson
22:29 Eagle Warrior
23:09 Squires
26:39 Chain Mail Armor
27:57 Iron Casting
29:19 Bow Saw
29:10 Town Watch
32:19 Gold Shaft Mining
31:36 Stone Mining
33:01 Heavy Plow
34:07 Wheelbarrow
35:24 Stone Shaft Mining
35:10 Bodkin Arrow
39:50 Imperial Age
38:04 Pikeman
41:19 Plate Mail Armor
41:13 Conscription
43:03 Siege Engineers
43:44 Garland Wars
42:48 Elite Eagle Warrior
44:46 Crop Rotation
45:34 Blast Furnace
客官
8:59 Feudal Age
9:33 Man-at-Arms
12:36 Horse Collar
13:29 Double-Bit Axe
14:56 Loom
16:55 Fletching
17:06 Padded Archer Armor
17:35 Town Watch
23:03 Castle Age
22:09 Gold Mining
22:45 Scale Barding Armor
22:51 Forging
23:02 Bloodlines
23:39 Stone Mining
25:18 Chain Barding Armor
26:08 Husbandry
37:49 Wheelbarrow
43:50 Imperial Age
45:00 Iron Casting
Connection lost

Rejoining the realm…

Still unreachable

The connection could not be restored.

Session expired

The server has moved on; the page needs a fresh start.